 Dungeon Crawl Stone Soup version 0.29.1-13-g9f3cf754e1 (webtiles) character file.

Game seed: 5420278538138110285

16 Thatpatchoflichen the Cudgeller (level 2, 0/23 HPs)
             Began as a Demonspawn Gladiator on Jan 21, 2023.
             Slain by a ball python (2 damage)
             ... on level 1 of the Dungeon.
             The game lasted 00:02:09 (468 turns).

Thatpatchoflichen the Cudgeller (DsGl)               Turns: 468, Time: 00:02:10

Health: 0/23       AC:  4    Str: 14    XL:     2   Next: 41%
Magic:  2/2        EV:  9    Int:  9    God:
Gold:   10         SH:  0    Dex: 14    Spells: 1/1 levels left

rFire   . . .      SeeInvis .   a - +0 flail
rCold   . . .      Faith    .   (no shield)
rNeg    . . .      Spirit   .   b - +0 leather armour
rPois   .          Reflect  .   c - +0 helmet
rElec   .          Harm     .   (no cloak)
rCorr   .          Rampage  .   (no gloves)
Will    .....                   (no boots)
Stlth   +.........              (no amulet)
HPRegen 0.07/turn               (no ring)
MPRegen 0.08/turn               (no ring)

@: flying, constricted
A: powered by death 1
a: no special abilities


You were on level 1 of the Dungeon.
You visited 1 branch of the dungeon, and saw 1 of its levels.

You collected 10 gold pieces.

Inventory:

Hand Weapons
 a - a +0 flail (weapon)
Missiles
 d - 3 throwing nets (quivered)
 e - a javelin
 f - 5 poisoned darts
Armour
 b - a +0 leather armour (worn)
 c - a +0 helmet (worn)
Jewellery
 i - a ring of willpower
Scrolls
 g - a scroll of magic mapping {unknown}
Potions
 j - a potion of curing {unknown}


   Skills:
 + Level 2.3 Fighting
 + Level 2.9 Maces & Flails
 - Level 2.0 Throwing
 + Level 2.9 Dodging


You had one spell level left.
You didn't know any spells.
Your spell library contained the following spells:

 Spells                   Type           Power      Damage    Failure   Level
 Ozocubu's Armour         Ice            0%         N/A       83%         3
 Ozocubu's Refrigeration  Ice            0%         4d7       100%        7


Dungeon Overview and Level Annotations

Branches:
Dungeon (1/15)

Altars:


Innate Abilities, Weirdness & Mutations

You regenerate a little health from kills.


Message History

You closely miss the quokka.
The quokka is moderately wounded.
The quokka bites you.
* * * LOW HITPOINT WARNING * * *
You hit the quokka.
You kill the quokka!
The ball python bites you.
* * * LOW HITPOINT WARNING * * *
The ball python misses you.
It was a potion of flight.
You feel very buoyant.
You fly up into the air.
The ball python closely misses you. The ball python grabs you.
The ball python constricts you.
You escape the ball python's grasp.
The ball python attacks as you move away!
The ball python bites you but does no damage.
The ball python attacks as you move away!
The ball python barely misses you. x2
The ball python attacks as you move away!
The ball python closely misses you. The ball python misses you.
The ball python attacks as you move away!
The ball python bites you but does no damage.
The ball python barely misses you. The ball python bites you.
* * * LOW HITPOINT WARNING * * *
The ball python barely misses you.
The ball python attacks as you move away!
The ball python bites you but does no damage.
The bat hits you but does no damage.
You barely miss the ball python. The bat barely misses you.
The bat hits you but does no damage. The bat barely misses you.
The ball python bites you but does no damage.
The ball python closely misses you.
You miss the bat.
The bat misses you. x2; The bat hits you but does no damage.
The ball python bites you but does no damage.
The ball python grabs you. The ball python constricts you.
You miss the bat. The bat hits you but does no damage. x2
The bat barely misses you. The ball python bites you.
* * * LOW HITPOINT WARNING * * *
The ball python constricts you. The ball python bites you.
You die...

#........###.# .# #...###..#
###.....## ### .# #.<.# ##.#
#...### ####...# #.# #...#
######...## ##.# #...#
#...##...####..#
###...#######..##.....##..##
......^....##...#.........#
................##.......##
...........#....@####...##
##)....#####.....S..#####
#.....# ##...b....# #.....#
##b......# #.....# #.#####.#
##### #.....#
#.#####.########....
.......#
###.##......b...)....#
.##.##.#
#......##.#########.## . .#
.# #.#.##.##.# .#.


You could see 2 bats and a ball python.

Vanquished Creatures
  2 endoplasms (D:1)
  3 giant cockroaches (D:1)
  A hobgoblin (D:1)
  3 jackals (D:1)
  A quokka (D:1)
  2 ball pythons (D:1)
  2 kobolds (D:1)
14 creatures vanquished.

Notes
Turn   | Place    | Note
-------+----------+-------------------------------------------
     0 | D:1      | Thatpatchoflichen the Demonspawn Gladiator began the quest
                  | for the Orb.
     0 | D:1      | Reached XP level 1. HP: 16/16 MP: 1/1
   299 | D:1      | Gained mutation: You regenerate a little health from kills.
                  | [demonic ancestry]
   299 | D:1      | Reached XP level 2. HP: 22/22 MP: 2/2
   468 | D:1      | Slain by a ball python

Illustrated notes

Levels and vault maps discovered:
D:1:      dpeg_arrival_round_c, layout_loops_cross,
          chequers_serial_rivers_micro_d, minmay_pentomino_w4

Skill      XL: |  1 |
---------------+----+-----
Throwing       | 2 |  2.0
Fighting       | |  2.3
Maces & Flails | |  2.9
Dodging        | |  2.9

Action                   || total
-------------------------++-------
Melee: Flail             ||    67
       Punch             ||     1
  Use: Potion            ||     1
Armor: Leather armour    ||    30
Dodge: Dodged            ||    59
